cohdb
Replays
Latest Replays
All Replays
Popular Replays
Top Player Replays
Match Explorer
How It Works
Community
CoH3 Stats
Reddit
Sign in to upload your games and track your stats! →
Sign in with Steam
Match 42449811
Unlisted
Match 42449811
Overview
Messages
Build Orders
End
Construct Infanterie Kompanie
Grenadier Squad
MG 42 Machine Gun Team
Selects Terror Battlegroup
Selects Machine Gun Camouflage
Grenadier Squad
MG 42 Machine Gun Team
Infanterie Officer Quarters
Construct Luftwaffe Kompanie
Selects Defend the Fatherland
Jäger Squad
Jäger Squad
Support Elements
MG 42 Machine Gun Team
Wirbelwind Flakpanzer
Luftwaffe Officer Quarters
bobr
Zo͞olo͞oKōbrə
『BlackBear』
hellofr13nd
0
0
Comments
sign in to comment!
No comments posted yet!